 Dungeon Crawl Stone Soup version 0.30-a0-459-g9104f0fc43 (webtiles) character file.

Game seed: 17042385092671499194

72 Darkkill the Shooter (level 4, -4/38 HPs)
             Began as a Minotaur Hunter on Dec 15, 2022.
             Slain by a gnoll
             ... wielding a +1 spear of freezing
              (7 damage)
             ... on level 2 of the Dungeon.
             The game lasted 00:01:09 (1013 turns).

Darkkill the Shooter (Minotaur Hunter)              Turns: 1013, Time: 00:01:10

Health: -4/38      AC:  3    Str: 15    XL:     4   Next: 6%
Magic:  3/3        EV: 12    Int:  6    God:
Gold:   106        SH:  0    Dex: 16    Spells: 3/3 levels left

rFire   . . .      SeeInvis +    a - +0 shortbow
rCold   . . .      Faith    .    (shield currently unavailable)
rNeg    . . .      Spirit   .    c - +0 leather armour
rPois   .          Reflect  .    (helmet restricted)
rElec   .          Harm     .    (no cloak)
rCorr   .          Rampage  .    (no gloves)
Will    .....                    (no boots)
Stlth   ++........               (no amulet)
HPRegen 0.26/turn                f - ring of see invisible
MPRegen 0.08/turn                (no ring)

@: no status effects
A: horns 2, retaliatory headbutt
a: no special abilities


You were on level 2 of the Dungeon.
You visited 1 branch of the dungeon, and saw 2 of its levels.

You collected 106 gold pieces.

Inventory:

Hand Weapons
 a - a +0 shortbow (weapon)
Missiles
 d - 11 stones
Armour
 c - a +0 leather armour (worn)
Jewellery
 f - a ring of see invisible (left hand)
Scrolls
 b - a scroll of immolation
 h - a scroll of identify {unknown}
 i - 2 scrolls of blinking
Potions
 e - 3 potions of heal wounds {unknown}
 g - 2 potions of brilliance {unknown}
 j - a potion of invisibility {unknown}


   Skills:
 + Level 3.4 Fighting
 + Level 4.9 Ranged Weapons
 + Level 3.0 Dodging
 + Level 1.8 Stealth


You had 3 spell levels left.
You didn't know any spells.
Your spell library contained the following spells:

 Spells                   Type           Power      Damage    Failure   Level
 Slow                     Hex            0%         N/A       52%         1
 Confusing Touch          Hex            0%         N/A       88%         3
 Vampiric Draining        Necr           0%         2d6       88%         3


Dungeon Overview and Level Annotations

Branches:
Dungeon (2/15)

Altars:
Wu Jian


Innate Abilities, Weirdness & Mutations

You have a pair of horns on your head.
You reflexively headbutt those who attack you in melee.


Message History

The giant cockroach is moderately wounded.
The giant cockroach closely misses you. x2; You furiously retaliate!
You headbutt the giant cockroach.
You kill the giant cockroach!
You see here a +0 whip.
You now have 106 gold pieces (gained 14).
An endoplasm comes into view.
You shoot an arrow. The arrow hits the endoplasm.
The endoplasm quivers.
The endoplasm is moderately wounded.
An endoplasm is nearby!
You shoot an arrow. The arrow hits the endoplasm.
The endoplasm is almost dead.
An endoplasm is nearby!
You shoot an arrow. The arrow barely misses the endoplasm.
The endoplasm hits you.
An endoplasm is nearby!
You shoot an arrow. The arrow hits the endoplasm.
You kill the endoplasm!
A gnoll comes into view. It is wielding a +0 whip.
You shoot an arrow. The arrow hits the gnoll.
The gnoll shouts!
The gnoll is moderately wounded.
A goblin comes into view.
It is wielding a +2 dagger of holy wrath.
A gnoll comes into view. It is wielding a +0 whip.
There are monsters nearby!
You shoot an arrow. The arrow hits the gnoll.
The gnoll is heavily wounded.
A worm comes into view.
A gnoll comes into view. It is wielding a +0 flail.
There are monsters nearby!
You shoot an arrow. The arrow hits the gnoll.
The gnoll is heavily wounded.
A gnoll comes into view. It is wielding a +1 spear of freezing.
The gnoll moves out of view.
There are monsters nearby!
You shoot an arrow. The arrow closely misses the gnoll.
The arrow hits the gnoll but does no damage.
There are monsters nearby!
You shoot an arrow. The arrow hits the gnoll!
You kill the gnoll!
You shoot an arrow. The arrow closely misses the goblin.
The arrow hits the worm.
The worm is moderately wounded.
The goblin hits you with a +2 dagger of holy wrath.
You shoot an arrow. The arrow barely misses the goblin.
The arrow barely misses the gnoll.
The arrow hits the worm.
The worm is heavily wounded.
The goblin closely misses you.
You shoot an arrow. The arrow hits the gnoll.
The gnoll is heavily wounded.
The gnoll misses you. The goblin closely misses you. You furiously retaliate!
You headbutt the goblin. You shoot an arrow. The arrow barely misses the gnoll.
The gnoll misses you. You furiously retaliate!
You headbutt the gnoll. The goblin misses you.
The goblin hits you with a +2 dagger of holy wrath.
The gnoll barely misses you. The gnoll closely misses you.
You shoot an arrow.
The arrow hits the gnoll but does no damage.
The gnoll is severely wounded.
The gnoll closely misses you. The gnoll hits you with a +0 flail.
The goblin misses you.
You shoot an arrow. The arrow hits the gnoll.
The gnoll is almost dead.
The gnoll closely misses you. The gnoll hits you with a +0 flail!
The goblin hits you with a +2 dagger of holy wrath.
You are too injured to fight recklessly!
Fire: a) +0 shortbow
Press: ? - help, Q - select action, (/) - cycle Shift-Dir - straight line, f/p - gnoll
Aim: a gnoll, wielding a +0 flail (almost dead, 65% to hit)
You shoot an arrow. The arrow hits the gnoll.
You kill the gnoll!
The gnoll closely misses you. The goblin misses you. You furiously retaliate!
You headbutt the goblin.
You kill the goblin!
The gnoll hits you from afar with a +1 spear of freezing.
The gnoll freezes you.
* * * LOW HITPOINT WARNING * * *
Your Dodging skill increases to level 3!
You have reached level 4!
You feel agile.
Fire: a) +0 shortbow
Press: ? - help, Q - select action, (/) - cycle Shift-Dir - straight line, f - worm
Aim: a worm (lightly wounded, 80% to hit)
You shoot an arrow. The arrow hits the worm!
The worm is severely wounded.
The gnoll hits you from afar with a +1 spear of freezing.
* * * LOW HITPOINT WARNING * * *
The gnoll freezes you.
* * * LOW HITPOINT WARNING * * *
The worm barely misses you.
Fire: a) +0 shortbow
Press: ? - help, Q - select action, (/) - cycle Shift-Dir - straight line, f/p - worm
Aim: a worm (heavily wounded, 80% to hit)
You shoot an arrow. The arrow hits the worm!
You kill the worm!
The gnoll hits you with a +0 whip.
* * * LOW HITPOINT WARNING * * *
The gnoll hits you from afar with a +1 spear of freezing!
You die...

################
#..............#
#.############.#
#######.## #.# #
.......@.# #.# #
#######)g# #.# #
#)g# #######.###
.... ........).'
#....
####.....##
...... #.....##
....... #.....##
.......#
#.....##
#.....##


You could see 2 gnolls.

Vanquished Creatures
  2 gnolls (D:2)
  An adder (D:2)
  A worm (D:2)
  3 ball pythons
  4 endoplasms
  2 giant cockroaches
  5 hobgoblins
  3 quokkas
  2 bats
  3 frilled lizards (D:1)
  7 goblins
  7 kobolds
40 creatures vanquished.

Notes
Turn   | Place    | Note
-------+----------+-------------------------------------------
     0 | D:1      | Darkkill the Minotaur Hunter began the quest for the Orb.
     0 | D:1      | Reached XP level 1. HP: 18/18 MP: 0/0
   108 | D:1      | Found a faded altar of an unknown god.
   111 | D:1      | Reached skill level 1 in Stealth
   154 | D:1      | Reached XP level 2. HP: 25/25 MP: 1/1
   182 | D:1      | Prayed at the altar of an unknown god.
   182 | D:1      | Became a worshipper of the Wu Jian Council
   182 | D:1      | Reached * piety under Wu Jian
   351 | D:1      | Fell from the grace of Wu Jian
   723 | D:2      | Reached XP level 3. HP: 31/31 MP: 2/2
  1012 | D:2      | Reached XP level 4. HP: 10/38 MP: 3/3
  1012 | D:2      | HP: 7/38 [gnoll/+1 spear of freezing (1)]
  1013 | D:2      | HP: 3/38 [gnoll/+0 whip (4)]
  1013 | D:2      | Slain by a gnoll

Illustrated notes

Levels and vault maps discovered:
D:1:      minmay_arrival_four_houses, layout_loops_cross,
          hellmonk_ecumenical_altar_pennies_from_heaven
D:2:      minmay_kobold_bridge, layout_basic, feat_on_display

Skill      XL: |  1  2  3 |
---------------+----------+-----
Stealth        | 1 |  1.8
Fighting       | 3 |  3.4
Dodging        | 3 |  3.0
Ranged Weapons | |  4.9

Action                   |  1- 3 |  4- 6 || total
-------------------------+-------+-------++-------
 Fire: Shortbow          |    97 |     2 ||    99
Invok: Renounce Religion |     1 |       ||     1
  Use: Scroll            |     3 |       ||     3
Armor: Leather armour    |     9 |       ||     9
Dodge: Dodged            |    31 |     1 ||    32

Table legend: (Time is in decaauts)
 A = Elapsed time spent in this place.
 B = Non-inter-level travel time spent in this place.
 C = Inter-level travel time spent in this place.
 D = Time resting spent in this place.
 E = Time spent auto-exploring this place.
 F = Levels seen in this place.
 G = Mean time per level.
                   A        B        C        D        E       F      G
               +--------+--------+--------+--------+--------+-----+--------+
         Total |   1048 |   1007 |     41 |      0 |    787 |   2 |  524.0 |
       Dungeon |   1048 |   1007 |     41 |      0 |    787 |   2 |  524.0 |
               +--------+--------+--------+--------+--------+-----+--------+

Top non-repeatable levels by time:
     D:1: 727 daAuts
     D:2: 321 daAuts

Table legend:
 A = Kills in this place as a percentage of kills in entire the game.
 B = Kills by you in this place as a percentage of kills by you in the entire game.
 C = Kills by friends in this place as a percentage of kills by friends in the entire game.
 D = Other kills in this place as a percentage of other kills in the entire game.
 E = Experience gained in this place as a percentage of experience gained in the entire game.
 F = Experience gained in this place divided by the number of levels of this place that you have seen.
                   A       B       C       D       E      F
               +-------+-------+-------+-------+-------+----------------------
         Total | 100.0 | 100.0 |   N/A |   N/A | 100.0 |  54.0
       Dungeon | 100.0 | 100.0 |   N/A |   N/A | 100.0 |  54.0
               +-------+-------+-------+-------+-------+----------------------
